 Dungeon Crawl Stone Soup version 0.22.0 (webtiles) character file.

32 CyclopB the Insei (level 3, 0/23 HPs)
             Began as an Octopode Transmuter on Dec 26, 2018.
             Slain by a gnoll
             ... wielding a +0 whip
              (6 damage)
             ... on level 1 of the Dungeon.
             The game lasted 00:06:42 (1379 turns).

CyclopB the Insei (Octopode Transmuter)             Turns: 1379, Time: 00:06:43

Health: 0/23       AC:  1    Str:  9    XL:     3   Next: 27%
Magic:  6/6        EV: 13    Int: 15    God:
Gold:   55         SH:  0    Dex: 13    Spells: 5/6 levels left

rFire    . . .     SeeInvis .     - Unarmed
rCold    . . .     Gourm    .   (no shield)
rNeg     . . .     Faith    .   (helmet restricted)
rPois    .         Spirit   .   (no amulet)
rElec    .         Reflect  .   (no ring)
rCorr    .         Harm     .   (no ring)
MR       .....                  (no ring)
Stlth    ++........             (no ring)
HPRegen  0.07/turn              (no ring)
MPRegen  0.10/turn              (no ring)
                                (no ring)
                                (no ring)

@: no status effects
A: almost no armour, stealthy swim, amphibious, 8 rings, constrict 8, camouflage
1, gelatinous body 1
a: no special abilities


You were on level 1 of the Dungeon.
You were not hungry.

You visited 1 branch of the dungeon, and saw 2 of its levels.

You collected 55 gold pieces.

Inventory:

Hand Weapons
 l - a +0 hunting sling
Missiles
 a - 12 arrows
 e - 50 stones (quivered)
Magical Staves
 k - an uncursed staff of fire {unknown}
Jewellery
 b - an uncursed ring of protection from cold {unknown}
 f - a +3 ring of dexterity {unknown}
 j - a cursed amulet of inaccuracy {unknown}
Scrolls
 d - 2 scrolls of teleportation {unknown}
 h - a scroll of enchant weapon {unknown}
 i - 3 scrolls of identify {unknown}
Potions
 g - a potion of might {unknown}
Comestibles
 c - 4 rations
 m - 4 chunks of flesh


   Skills:
 - Level 1.3 Fighting
 + Level 0.4 Slings
 - Level 2.0 Dodging
 - Level 3.3 Unarmed Combat
 - Level 2.0 Spellcasting
 - Level 3.0 Transmutations


You had 5 spell levels left.
You knew the following spells:

 Your Spells              Type           Power        Failure   Level  Hunger
a - Beastly Appendage     Tmut           ##....       6%          1    #......

Your spell library contained the following spells:

 Spells                   Type           Power        Failure   Level  Hunger
 Spider Form              Tmut/Pois      #.........   34%         3    ###....
 Blade Hands              Tmut           ##........   87%         5    ######.
 Ice Form                 Ice/Tmut       #.......     75%         4    #####..
 Sticks to Snakes         Tmut           ##......     10%         2    ###....


Dungeon Overview and Level Annotations

Branches:
Dungeon (2/15)

Altars:


Innate Abilities, Weirdness & Mutations

You cannot wear most types of armour.
You are very stealthy in the water. (Stealth+)
You are amphibious.
You can wear up to eight rings at the same time.
You can use your tentacles to constrict eight enemies at once.
Your skin changes colour to match your surroundings (Stealth+).
Your rubbery body absorbs attacks. (AC +1, EV +1)


Message History

The gnoll hits you with a whip.
A gnoll comes into view. It is wielding a spear of distortion.
Your transformation is almost over.
Your tentacle spike disappears.
You tentacle-slap the gnoll but do no damage.
Your grab misses the gnoll.
The gnoll is moderately wounded.
The gnoll closely misses you.
You tentacle-slap the gnoll. You grab the gnoll.
The gnoll is heavily wounded.
You constrict the gnoll. The gnoll hits you with a whip!
You release your grip on the gnoll.
There is a stone staircase leading up here.
The gnoll completely misses you.
You climb upwards.
There is a stone staircase leading down here.
The gnoll hits you with a whip.
* * * LOW HITPOINT WARNING * * *
The gnoll hits you with a whip.
You die...

# #....†........#.#.#
#####.####.####.###.#.#
#..........####.###.#.#
....(...............#.#
#.###.######)##..####.#
#.....# #.##..# #.#
...##.# #.##>.# #.#
##.##.######.##..####.###
#.##...........@##...>.#
#.########...##.g..###.#
#.# #...#####.# #.# ##.#
####...#####.###.#
...#####.........##.....#
#............>...####.#.#
#....###.........####.#.#
####.# ####...#.......#.#
#.# #...#########.#


You could see a gnoll.

Vanquished Creatures
  An adder (D:2)
  3 giant cockroaches (D:1)
  2 goblins (D:1)
  6 hobgoblins
  5 bats
  2 frilled lizards (D:1)
  2 kobolds (D:1)
  A rat (D:1)
22 creatures vanquished.

Notes
Turn   | Place    | Note
-------+----------+-------------------------------------------
     0 | D:1      | CyclopB the Octopode Transmuter began the quest for the Orb.
     0 | D:1      | Reached XP level 1. HP: 13/13 MP: 3/3
    67 | D:1      | Reached XP level 2. HP: 7/18 MP: 3/5
   964 | D:2      | Reached XP level 3. HP: 14/23 MP: 4/6
  1379 | D:1      | Slain by a gnoll

Skill      XL: |  1  2 |
---------------+-------+-----
Transmutations | 3 |  3.0
Fighting       | |  1.3
Slings         | |  0.4
Dodging        | |  2.0
Unarmed Combat | |  3.3
Spellcasting   | |  2.0

Action                   || total
-------------------------++-------
Melee: Unarmed           ||    55
       Constrict         ||    16
       Tentacles         ||     9
       Kick              ||    12
 Fire: Hunting sling     ||    10
Throw: Stone             ||     6
 Cast: Beastly Appendage ||    13
 Stab: Sleeping          ||     4
  Eat: Chunk             ||     2
Armor: Skin              ||     7
Dodge: Dodged            ||    27
